 Dungeon Crawl Stone Soup version 0.26-a0-854-gdc81c2f471 (webtiles) character file.

Game seed: 9884540082958022917

83 iamoutofideas the Stinger (level 4, -2/27 HPs)
             Began as an Octopode Venom Mage on Nov 23, 2020.
             Splashed by a jelly's acid (9 damage)
             ... on level 2 of the Dungeon.
             The game lasted 00:02:39 (2831 turns).

iamoutofideas the Stinger (Octopode Venom Mage)     Turns: 2831, Time: 00:02:40

Health: -2/27      AC:  1    Str:  7    XL:     4   Next: 44%
Magic:  8/8        EV: 13    Int: 18    God:
Gold:   129        SH:  0    Dex: 12    Spells: 2/8 levels left

rFire    . . .     SeeInvis .   b - +0 short sword
rCold    . . .     Faith    .   (no shield)
rNeg     . . .     Spirit   .   (helmet restricted)
rPois    .         Reflect  .   (no amulet)
rElec    .         Harm     .   (no ring)
rCorr    .         Rampage  .   (no ring)
MR       .....                  (no ring)
Stlth    +++.......             (no ring)
HPRegen  0.09/turn              (no ring)
MPRegen  0.11/turn              (no ring)
                                (no ring)
                                (no ring)

@: no status effects
A: almost no armour, stealthy swim, amphibious, 8 rings, constrict 8, camouflage
1, gelatinous body 1
a: no special abilities


You were on level 2 of the Dungeon.
You visited 1 branch of the dungeon, and saw 2 of its levels.

You collected 129 gold pieces.

Inventory:

Hand Weapons
 b - a +0 short sword (weapon)
Scrolls
 f - 2 scrolls of teleportation
 h - a scroll of noise {unknown}
 l - a scroll of fog
 m - a scroll of magic mapping {unknown}
Potions
 a - 3 potions of haste
 c - a potion of lignification {unknown}
 d - a potion of curing {unknown}
 e - a potion of flight {unknown}
 g - a potion of resistance {unknown}
 i - a potion of cancellation {unknown}
 j - a potion of attraction {unknown}
 k - 2 potions of might {unknown}


   Skills:
 + Level 0.1 Short Blades
 + Level 2.1 Dodging
 + Level 3.1 Stealth
 + Level 2.8 Spellcasting
 + Level 1.6 Transmutations
 * Level 4.8 Poison Magic


You had 2 spell levels left.
You knew the following spells:

 Your Spells              Type           Power        Failure   Level
a - Sting                 Tmut/Pois      ##..         4%          1
b - Poisonous Vapours     Pois/Air       ##....       10%         2
c - Ignite Poison         Fire/Tmut/Pois ##......     21%         3

Your spell library contained the following spells:

 Spells                   Type           Power        Failure   Level
 Olgreb's Toxic Radiance  Pois           ###.....     22%         4
 Mephitic Cloud           Conj/Pois/Air  #.......     26%         3


Dungeon Overview and Level Annotations

Branches:
Dungeon (2/15)

Altars:
Okawaru


Innate Abilities, Weirdness & Mutations

You cannot wear most types of armour.
You are very stealthy in the water. (Stealth+)
You are amphibious.
You can wear up to eight rings at the same time.
You can use your tentacles to constrict eight enemies at once.
Your skin changes colour to match your surroundings (Stealth+).
Your rubbery body absorbs attacks. (AC +1, EV +1)


Message History

You hit the hobgoblin.
The hobgoblin is almost dead.
You constrict the hobgoblin, but do no damage.
You kill the hobgoblin!
No target in view!
No target in view!
m - a scroll labelled QIESHUACZE A jelly comes into view.
The jelly quivers.
The jelly hits you.
You are splashed with acid!
You hit the jelly.
Your tentacles burn!
The jelly is moderately wounded.
The jelly hits you but does no damage.
A jelly is nearby!
You hit the jelly but do no damage.
Your tentacles burn!
The jelly is moderately wounded.
The jelly hits you.
* * * LOW HITPOINT WARNING * * *
You are splashed with acid!
You die...

##### # #.#.### #
#.....###### # #.#.........
# #.#.@....... #
#...#J########### # #####
#...#...........# #
#####...###...##########.##
#
#...'†..+.#..............#
#
#.###...#.#....###.####..#
# #.# #####.#....#...# #..#
###.#######)#....#.#.# #..#
#............[...#.#.# #..#


You could see a jelly.

Vanquished Creatures
  An adder (D:2)
  2 oozes
  A worm (D:2)
  3 dart slugs (D:1)
  A leopard gecko (D:1)
  4 bats
  5 giant cockroaches
  5 goblins (D:1)
  9 hobgoblins
  4 jackals
  A quokka (D:2)
  2 ball pythons
  2 frilled lizards
  5 kobolds
  7 rats
52 creatures vanquished.

Notes
Turn   | Place    | Note
-------+----------+-------------------------------------------
     0 | D:1      | iamoutofideas the Octopode Venom Mage began the quest for
                  | the Orb.
     0 | D:1      | Reached XP level 1. HP: 11/11 MP: 3/3
   193 | D:1      | Reached skill level 4 in Poison Magic
   193 | D:1      | Reached XP level 2. HP: 5/17 MP: 3/5
   431 | D:1      | Learned a level 2 spell: Poisonous Vapours
  1184 | D:1      | Reached XP level 3. HP: 21/21 MP: 3/6
  1867 | D:2      | Found an iron altar of Okawaru.
  1872 | D:2      | Learned a level 3 spell: Ignite Poison
  2230 | D:2      | Reached XP level 4. HP: 26/27 MP: 6/8
  2831 | D:2      | Splashed by a jelly's acid

Illustrated notes

Levels and vault maps discovered:
D:1:      dpeg_arrival_three_same_balls, layout_basic, serial_forest,
          infiniplex_forest_clump_large, infiniplex_forest_join,
          infiniplex_forest_lined_room_3, infiniplex_forest_clump_large,
          infiniplex_forest_zigzag_1, infiniplex_forest_straight_2,
          infiniplex_forest_lined_4_way
D:2:      layout_basic, okawaru_metal_pillars_1_2

Skill      XL: |  1  2  3 |
---------------+----------+-----
Poison Magic   | 4 |  4.8
Stealth        | 3 |  3.1
Short Blades   | |  0.1
Dodging        | |  2.1
Spellcasting   | |  2.8
Transmutations | |  1.6

Action                   |  1- 3 |  4- 6 || total
-------------------------+-------+-------++-------
Melee: Unarmed           |    38 |       ||    38
       Constrict         |    13 |     5 ||    18
       Tentacles         |     6 |     2 ||     8
       Short sword       |     4 |    18 ||    22
 Cast: Sting             |    49 |    18 ||    67
       Poisonous Vapours |     1 |       ||     1
  Use: Scroll            |     5 |       ||     5
 Stab: Distracted        |       |     1 ||     1
       Sleeping          |       |     1 ||     1
Armor: Skin              |     6 |     1 ||     7
Dodge: Dodged            |    48 |    16 ||    64

Table legend: (Time is in decaauts)
 A = Elapsed time spent in this place.
 B = Non-inter-level travel time spent in this place.
 C = Inter-level travel time spent in this place.
 D = Time resting spent in this place.
 E = Time spent auto-exploring this place.
 F = Levels seen in this place.
 G = Mean time per level.
                   A        B        C        D        E       F      G
               +--------+--------+--------+--------+--------+-----+--------+
         Total |   2832 |   2795 |     37 |    937 |   1505 |   2 | 1416.0 |
       Dungeon |   2832 |   2795 |     37 |    937 |   1505 |   2 | 1416.0 |
               +--------+--------+--------+--------+--------+-----+--------+

Top non-repeatable levels by time:
     D:1: 1857 daAuts
     D:2: 975 daAuts
